cohdb
Replays
Latest Replays
All Replays
Popular Replays
Top Player Replays
Match Explorer
How It Works
Community
CoH3 Stats
Reddit
Sign in to upload your games and track your stats! →
Sign in with Steam
Match 42079796
Unlisted
Match 42079796
Overview
Messages
Build Orders
End
Royal Engineer Section
Construct Section Command Post
Selects Indian Artillery Battlegroup
Selects Indian Artillery Battlegroup
Dingo Light Scout Car
Infantry Section
Infantry Section
Construct Platoon Command Post
Construct Field Infirmary
Selects Valour
6-pounder Anti-tank Gun Team
Selects Gurkha Rifles Section
Construct Company Command Post
Matilda II Heavy Tank
incel_incinerat0r
Gordon Birdman
HassovonManteuffel
Desertfox
0
0
Comments
sign in to comment!
No comments posted yet!